 Dungeon Sprint DCSS version 0.31-a0-18-gea43df2a32 (webtiles) character file.

Game seed: 11551809306376018457

6199 sircluck the Brawler (level 10, 0/115 HPs)
             Began as a Troll Berserker on May 10, 2023.
             Was a High Priest of Trog.
             Slain by an iron elemental (35 damage)
             ... in the Dungeon (Sprint II: "The Violet Keep of Menkaure").
             The game lasted 00:03:53 (528 turns).

sircluck the Brawler (Troll Berserker)               Turns: 528, Time: 00:03:54

Health: 0/115      AC:  4    Str: 31    XL:     10   Next: 61%
Magic:  9/9        EV: 15    Int:  3    God:    Trog [*****.]
Gold:   1219       SH:  0    Dex: 15    Spells: 9/9 levels left

rFire   . .          .
                       - Unarmed
rCold   . . .        (no shield)
rNeg    . . .        a - +0 animal skin
rPois   .            (helmet restricted)
rElec   .            (no cloak)
rCorr   .            (gloves unavailable)
SInv    .            (boots unavailable)
Will    .....        (no amulet) Stlth
                     i - +6 ring of dexterity
HPRegen 1.19/turn    (no ring)
MPRegen 0.11/turn

%: no teleportation
@: silenced, slowed, unable to read, very slow
A: large, unfitting armour, claws 3, regeneration 1, shaggy fur 1, tough skin 1,
inability to read after injury 1
a: Renounce Religion


You were in the Dungeon.
You worshipped Trog.
Trog was extremely pleased with you.
You visited 1 branch You collected 1219 gold pieces.

Inventory:

Armour
 a - a +0 animal skin (worn)
Jewellery
 i - a +6 ring of dexterity (left claw)
Scrolls
 g - a scroll of blinking
Potions
 b - a potion of curing
 d - a potion of haste
 e - 2 potions of magic
 f - a potion of berserk rage
 h - a potion of attraction {unknown}


   Skills:
 + Level 12.1 Fighting
 + Level 11.6 Dodging
 + Level 0.1 Stealth
 + Level 17.1 Unarmed Combat


You had 9 spell levels left.
You didn't know any spells.
Your spell library was empty.

Dungeon Overview and Level Annotations

Branches:
Dungeon (1/1)

Altars:

Shops:
D :*[*=[!=!([=(:?

Annotations:
D exclusions: ice statue and oklob plant


Innate Abilities, Weirdness & Mutations

You are too large for most types of armour.
You have claws for hands.
Your natural rate of healing is unusually fast.
You are covered in fur. (AC +1)
You have tough skin. (AC +1)
You occasionally lose the ability to read scrolls when taking damage.


Message History

Trog accepts your kill.
Your Unarmed Combat skill increases to level 17!
Okay, then.
The iron elemental gestures at you. The iron shot hits you!!
The large slime creature hits you.
There is an open door, spattered with blood here.
You see here a yak corpse.
You mangle the iron elemental!!
The iron elemental is moderately damaged.
You scratch the iron elemental but do no damage.
The iron elemental is moderately damaged.
The large slime creature misses you. The iron elemental hits you!!
You completely miss the iron elemental.
The iron elemental is moderately damaged.
The large slime creature hits you!!
* * * LOW HITPOINT WARNING * * *
The large slime creature attacks as you move away!
The large slime creature completely misses you.
There is an open door, spattered with blood here.
You see here a death yak corpse.
The iron elemental gestures at you.
You feel yourself slow down.
You feel much better.
You see here a +0 shortbow.
You start resting.
The yak gores you!
You mangle the yak!!
The yak is almost dead.
The yak gores you!
* * * LOW HITPOINT WARNING * * *
You mangle the yak!!
You kill the yak!
Trog accepts your kill.
Okay, then.
You start resting.
An iron elemental is nearby!
You claw the iron elemental!
The iron elemental is moderately damaged.
The iron elemental hits you!!
You feel threatened and lose the ability to read scrolls!
You die...

########### #.$.$J$†..#
#....[!#..# #+######†##
#!.+ #..## ####E.+
#..@#### #...))~##
############~~#+++#+
###########~~~......
##....∩...#~~~~.##+#
##...∩.∩..#~~~~###.###
##..∩.∩...#~~~~#..#..#
##.⌠.∩....#~~####.#.####
##..∩.∩...#~##.###†###.##


You could see an iron elemental.

Vanquished Creatures
  A great orb of eyes (D)
  A yaktaur captain (D)
  A death yak (D)
  An elephant (D)
  A kobold demonologist (D)
  A slime creature (D)
  3 yaks (D)
  2 wyverns (D)
  4 neqoxecs (D)
  A vampire mosquito (D)
  A water moccasin (D)
  4 scorpions (D)
  2 worms (D)
23 creatures vanquished.

Vanquished Creatures (collateral kills)
  A centaur warrior (D)
  A skeletal warrior (D)
2 creatures vanquished.

Vanquished Creatures (others)
  Kirke (D)
  Menkaure (D)
  A water moccasin (D)
3 creatures vanquished.

Grand Total: 28 creatures vanquished

Notes
Turn   | Place    | Note
-------+----------+-------------------------------------------
     0 | D        | sircluck the Troll Berserker began the quest for the Orb.
     0 | D        | Reached XP level 1. HP: 22/22 MP: 0/0
     1 | D        | Noticed a scorpion
     1 | D        | Noticed a scorpion
     1 | D        | Noticed a scorpion
     1 | D        | Noticed a scorpion
     9 | D        | Noticed a wyvern
     9 | D        | Noticed a wyvern
    13 | D        | Noticed a neqoxec
    13 | D        | Noticed a neqoxec
    13 | D        | Noticed a neqoxec
    13 | D        | Noticed a neqoxec
    19 | D        | Gained mutation: You occasionally lose the ability to read
                  | scrolls when taking damage. [a neqoxec]
    20 | D        | Killed a neqoxec
    21 | D        | Reached skill level 5 in Fighting
    21 | D        | Reached skill level 5 in Dodging
    21 | D        | Reached skill level 6 in Unarmed Combat
    21 | D        | Reached XP level 2. HP: 35/35 MP: 1/1
    21 | D        | Reached XP level 3. HP: 42/42 MP: 2/2
    21 | D        | Reached XP level 4. HP: 50/50 MP: 3/3
    23 | D        | Killed a neqoxec
    24 | D        | Reached skill level 7 in Unarmed Combat
    24 | D        | Reached XP level 5. HP: 61/61 MP: 4/4
    27 | D        | Killed a neqoxec
    27 | D        | Reached ** piety under Trog
    28 | D        | Reached skill level 8 in Unarmed Combat
    28 | D        | Reached XP level 6. HP: 67/71 MP: 5/5
    29 | D        | Killed a neqoxec
    30 | D        | Reached skill level 9 in Unarmed Combat
    30 | D        | Reached XP level 7. HP: 76/79 MP: 6/6
    96 | D        | Reached *** piety under Trog
    98 | D        | Reached skill level 10 in Unarmed Combat
   114 | D        | Killed a wyvern
   114 | D        | Reached **** piety under Trog
   119 | D        | Killed a wyvern
   120 | D        | Reached skill level 11 in Unarmed Combat
   120 | D        | Reached XP level 8. HP: 80/91 MP: 7/7
   153 | D        | Killed Menkaure
   175 | D        | Noticed an ice statue
   178 | D        | Found Ofi Tacs's Magic Scroll Shop.
   181 | D        | Found Paffy's Antique Weapon Boutique.
   181 | D        | Found Jyugeomeuv's Book Boutique.
   181 | D        | Found Uloleir's Jewellery Shop.
   182 | D        | Found Ciotioq's Antique Weapon Shop.
   182 | D        | Found Bogivuh's Distillery.
   183 | D        | Found Dihaafae's Antique Armour Boutique.
   183 | D        | Found Paresah's Jewellery Shop.
   195 | D        | Found Atzemp's Jewellery Shop.
   196 | D        | Found Beovo's Antique Armour Shop.
   196 | D        | Found Zeseep's Assorted Antiques.
   197 | D        | Found Uworu's Antique Armour Shop.
   197 | D        | Found Ecrahisk's Assorted Antiques.
   198 | D        | Found Mamy's Distillery.
   201 | D        | Noticed an oklob plant
   202 | D        | Found Yssev's Book Shoppe.
   206 | D        | Noticed a shining eye
   207 | D        | Noticed a shining eye
   209 | D        | Noticed a shining eye
   381 | D        | Noticed an elephant
   381 | D        | Noticed a centaur warrior
   381 | D        | Noticed Kirke
   381 | D        | Noticed a yaktaur captain
   381 | D        | Noticed a kobold demonologist
   381 | D        | Noticed a skeletal warrior
   386 | D        | Killed a yaktaur captain
   387 | D        | Reached skill level 13 in Unarmed Combat
   387 | D        | Noticed a lindwurm
   387 | D        | Killed a kobold demonologist
   388 | D        | Reached skill level 10 in Fighting
   388 | D        | Reached XP level 9. HP: 101/101 MP: 8/8
   389 | D        | Killed a skeletal warrior
   390 | D        | Reached skill level 10 in Dodging
   390 | D        | Reached skill level 14 in Unarmed Combat
   393 | D        | Noticed a lindwurm
   395 | D        | Killed Kirke
   396 | D        | Reached skill level 15 in Unarmed Combat
   396 | D        | Killed a centaur warrior
   396 | D        | Reached ***** piety under Trog
   397 | D        | Reached XP level 10. HP: 40/114 MP: 9/9
   400 | D        | Killed an elephant
   402 | D        | Noticed a great orb of eyes
   408 | D        | Killed a great orb of eyes
   409 | D        | Reached skill level 16 in Unarmed Combat
   476 | D        | Noticed a death yak
   480 | D        | Killed a death yak
   502 | D        | Noticed an iron elemental
   513 | D        | Reached skill level 17 in Unarmed Combat
   528 | D        | Slain by an iron elemental

Illustrated notes

Levels and vault maps discovered:
D:        the_violet_keep_of_menkaure [sprint2_stairs_cluster_1,
          sprint2_shoproom, sprint2_temple, sprint2_basic_supplies,
          sprint2_obstacle_2, sprint2_obstacle_4, sprint2_obstacle_6,
          sprint2_obstacle_3, sprint2_obstacle_7, sprint2_timed_cluster_1,
          sprint2_smallroom_cluster_1, sprint2_smallroom_final_cluster_1,
          sprint2_transparent_cluster_1, sprint2_second_timed_cluster_1,
          sprint2_sniper_area_1, sprint2_heavy_combat_area_1,
          sprint2_mutation_trap_area_1, sprint2_forest_area_1,
          sprint2_light_combat_area_1, sprint2_behind_water_1,
          sprint2_near_end_vault_1]

Skill      XL: |  1  2  3  4  5  6  7  8  9 10 |
---------------+-------------------------------+-----
Fighting       | 5 6 7 8 10 11 12 | 12.1
Dodging        | 5 6 7 8 9 10 11 | 11.6
Unarmed Combat | 6 7 8 9 11 13 15 17 | 17.1
Stealth        | |  0.1

Action                     |  1- 3 |  4- 6 |  7- 9 | 10-12 || total
---------------------------+-------+-------+-------+-------++-------
  Melee: Unarmed           |     5 |     8 |    30 |    24 ||    67
         Punch             |     1 |       |       |     4 ||     5
 Invoke: Berserk           |     1 |       |     2 |       ||     3
         Brothers in Arms  |       |       |     1 |       ||     1
    Use: Scroll            |       |       |       |     1 ||     1
         Potion            |       |       |       |     1 ||     1
 Armour: Animal skin       |       |       |       |     1 ||     1
  Dodge: Dodged            |     2 |     1 |     9 |     7 ||    19

Table legend: (Time is in decaauts)
 A = Elapsed time spent in this place.
 B = Non-inter-level travel time spent in this place.
 C = Inter-level travel time spent in this place.
 D = Time resting spent in this place.
 E = Time spent auto-exploring this place.
 F = Levels seen in this place.
 G = Mean time per level.
                   A        B        C        D        E       F      G
               +--------+--------+--------+--------+--------+-----+--------+
         Total |    539 |    514 |     25 |    232 |     38 |   1 |  539.0 |
       Dungeon |    539 |    514 |     25 |    232 |     38 |   1 |  539.0 |
               +--------+--------+--------+--------+--------+-----+--------+

Top non-repeatable levels by time:
       D: 539 daAuts
